 Dungeon Crawl Stone Soup version 0.21-a0-528-gf531e82 (webtiles) character file.

35 Amnesiac the Shooter (level 3, -1/27 HPs)
             Began as a Mummy Hunter on Dec 8, 2017.
             Slain by a gnoll
             ... wielding a +0 flail
              (12 damage)
             ... on level 2 of the Dungeon.
             The game lasted 00:01:39 (172 turns).

Amnesiac the Shooter (Mummy Hunter)                  Turns: 172, Time: 00:01:39

Health: -1/27      AC:  3    Str: 16    XL:     3   Next: 17%
Magic:  3/3        EV: 12    Int: 10    God:
Gold:   11         SH:  0    Dex: 12    Spells: 2/2 levels left

rFire    x . .     SeeInvis .   b - +0 short sword
rCold    + . .     Gourm    .   (no shield)
rNeg     + + +     Faith    .   c - +0 leather armour
rPois    ∞         Spirit   .   (no helmet)
rElec    .         Reflect  .   (no cloak)
rCorr    .         Harm     .   (no gloves)
MR       .....                  (no boots)
Stlth    +.........             (no amulet)
HPRegen  0.09/turn              (no ring)
MPRegen  0.08/turn              (no ring)

@: no status effects
A: no food or potions, fire vulnerability, cold resistance 1, negative energy
resistance 3, torment resistance, unbreathing
a: no special abilities


You were on level 2 of the Dungeon.
You were not hungry.

You visited 1 branch of the dungeon, and saw 2 of its levels.

You collected 11 gold pieces.

Inventory:

Hand Weapons
 a - a +1 shortbow
 b - a +0 short sword (weapon)
Missiles
 f - 2 arrows
Armour
 c - a +0 leather armour (worn)
 d - a +0 plate armour
Scrolls
 e - a scroll of identify {!r}


   Skills:
 + Level 2.1 Fighting
 * Level 3.4 Bows
 + Level 1.7 Armour
 + Level 1.7 Dodging
 - Level 0.7 Stealth


You had 2 spell levels left.
You didn't know any spells.

Dungeon Overview and Level Annotations

Branches:
Dungeon (1/15)

Altars:


Innate Abilities, Weirdness & Mutations

You do not eat or drink.
Your flesh is vulnerable to fire.
You are immune to poison.
Your flesh is cold resistant. (rC+)
You are immune to negative energy. (rN+++)
You are immune to unholy pain and torment.
You can survive without breathing.


Message History

Aim: a gnoll (heavily wounded)
You shoot an arrow.
The arrow hits the gnoll but does no damage.
The gnoll is heavily wounded.
You hear a shout!
The gnoll hits you. The gnoll barely misses you.
Firing (i - inventory):
d - 3 arrows (quivered)
Press: ? - help, Shift-Dir - straight line, f/p - gnoll
Aim: a gnoll (heavily wounded)
You shoot an arrow. The arrow hits the gnoll.
The gnoll is severely wounded.
You hear a shout!
The gnoll barely misses you.
You hear a shout!
A gnoll comes into view. It is wielding a flail.
You see here an adder corpse.
Firing (i - inventory):
d - 2 arrows (quivered)
Press: ? - help, Shift-Dir - straight line, f/p - gnoll
Aim: a gnoll (severely wounded)
You shoot an arrow. The arrow hits the gnoll.
You kill the gnoll!
You have reached level 3!
Your experience leads to an increase in your attributes!
Increase (S)trength, (I)ntelligence, or (D)exterity?
You feel stronger.
Firing (i - inventory):
d - an arrow (quivered)
Press: ? - help, Shift-Dir - straight line, f - gnoll
Aim: a gnoll, wielding a flail You shoot an arrow.
The arrow hits the gnoll but does no damage.
The gnoll hits you with a flail!
* * * LOW HITPOINT WARNING * * *
A gnoll comes into view. It is wielding a flail.
Found a plate armour.
You see here a plate armour.
Okay, then.
d - a plate armour A rat comes into view.
Found 16 stones.
The rat twitches its whiskers.
Really read
e - 2 scrolls labeled GOFUCV GOISH {!r}?
As you read the scroll labeled GOFUCV GOISH {!r}, it crumbles to dust.
It is a scroll of identify.
d - a +0 plate armour The gnoll barely misses you.
Firing (i - inventory): No suitable missiles.
Press: ? - help, Shift-Dir - straight line, f - rat, p - gnoll
Aim: a rat
Okay, then.
b - a +0 short sword (weapon)
You completely miss the rat. The rat barely misses you. The gnoll misses you.
The rat twitches its whiskers.
The rat bites you but does no damage.
You hit the rat but do no damage. The gnoll barely misses you.
The rat barely misses you.
You hit the rat.
You kill the rat!
The gnoll barely misses you.
You see here an arrow.
You see here 2 arrows.
You see here 2 arrows.
f - 2 arrows The gnoll hits you with a flail!
You die...

... ###.. ....
#..# #...
#.#.############
#.#((g@(†......#
#..(g#########.#
###..# #.# #.g#
#.# #..# #.#
######..# #.#
........### #.#
######....# #.#
##.#.# #.#


You could see 2 gnolls.

Vanquished Creatures
  2 gnolls (D:2)
  An adder (D:2)
  A worm (D:1)
  A goblin (D:2)
  A rat (D:2)
6 creatures vanquished.

Notes
Turn   | Place    | Note
-------+----------+-------------------------------------------
     0 | D:1      | Amnesiac the Mummy Hunter began the quest for the Orb.
     0 | D:1      | Reached XP level 1. HP: 16/16 MP: 1/1
    76 | D:1      | You fall through a shaft!
    88 | D:2      | Reached skill level 1 in Armour
    88 | D:2      | Reached XP level 2. HP: 19/22 MP: 2/2
   122 | D:2      | Reached XP level 3. HP: 19/27 MP: 3/3
   172 | D:2      | Slain by a gnoll

Vault maps used:
D:1:      dpeg_arrival_brainrot
D:2:      gammafunk_temple_overflow_elements, serial_forest,
          infiniplex_forest_clump_small, infiniplex_forest_end_2,
          infiniplex_forest_lined_3, infiniplex_forest_straight_4,
          infiniplex_forest_clump_double, palyth_stone_intersect

Skill      XL: |  1 |
---------------+----+-----
Armour         | 1 |  1.7
Fighting       | |  2.1
Bows           | |  3.4
Dodging        | |  1.7
Stealth        | |  0.7

Action                   || total
-------------------------++-------
Melee: Short sword       ||     7
 Fire: Shortbow          ||    28
  Use: Scroll            ||     1
Armor: Leather armour    ||     3
Dodge: Dodged            ||    17

Table legend:
 A = Spawn XP
 B = Non-spawn XP
 C = Spawn XP percentage of total XP
 D = Spawn monster count
 E = Non-spawn monster count
 F = Spawn count percentage of total count
 G = Total turns spent on level
                    A         B        C        D         E        F      G
               +---------+---------+-------+---------+---------+-------+---------
         Total |       0 |      51 |   0.0 |       0 |       6 |   0.0 |   172
               +---------+---------+-------+---------+---------+-------+---------
           D:1 |       0 |       5 |   0.0 |       0 |       1 |   0.0 |    76
           D:2 |       0 |      46 |   0.0 |       0 |       5 |   0.0 |    96
               +---------+---------+-------+---------+---------+-------+---------
